 Dungeon Crawl Stone Soup version 0.29-a0-474-gdfe5cd140f (webtiles) character file.

Game seed: 11858359677522734951

25 siradein the Vexing (level 2, -4/21 HPs)
             Began as a Demonspawn Arcane Marksman on May 24, 2022.
             Slain by an iguana (6 damage)
             ... on level 2 of the Dungeon.
             The game lasted 00:01:57 (1150 turns).

siradein the Vexing (Demonspawn Arcane Marksman)    Turns: 1150, Time: 00:01:57

Health: -4/21      AC:  2    Str: 10    XL:     2   Next: 82%
Magic:  3/3        EV: 12    Int: 14    God:
Gold:   49         SH:  0    Dex: 13    Spells: 2/3 levels left

rFire   . . .      SeeInvis .   a - +0 shortbow
rCold   . . .      Faith    .   (shield currently unavailable)
rNeg    . . .      Spirit   .   b - +0 robe
rPois   .          Reflect  .   (no helmet)
rElec   .          Harm     .   (no cloak)
rCorr   .          Rampage  .   (no gloves)
Will    .....                   (no boots)
Stlth   +.........              (no amulet)
HPRegen 0.07/turn               (no ring)
MPRegen 0.08/turn               (no ring)

@: no status effects
A: demonic touch 1
a: no special abilities


You were on level 2 of the Dungeon.
You visited 1 branch of the dungeon, and saw 2 of its levels.

You collected 49 gold pieces.

Inventory:

Hand Weapons
 a - a +0 shortbow (weapon)
Armour
 b - a +0 robe (worn)
Scrolls
 c - a scroll of vulnerability
 d - a scroll of blinking {unknown}
 f - 2 scrolls of summoning {unknown}
 g - a scroll of torment {unknown}
Potions
 e - a potion of curing {unknown}
 h - a potion of mutation {unknown}


   Skills:
 - Level 1.0 Fighting
 + Level 2.5 Bows
 - Level 1.7 Dodging
 - Level 1.0 Spellcasting
 + Level 3.6 Hexes


You had 2 spell levels left.
You knew the following spells:

 Your Spells              Type           Power      Damage    Failure   Level
a - Slow                  Hex            40%        N/A       6%          1

Your spell library contained the following spells:

 Spells                   Type           Power      Damage    Failure   Level
 Inner Flame              Hex/Fire       5%         N/A       36%         3
 Portal Projectile        Hex/Tloc       10%        N/A       36%         3
 Cause Fear               Hex            5%         N/A       52%         4


Dungeon Overview and Level Annotations

Branches:
Dungeon (2/15)

Altars:

Shops:
D:1 !


Innate Abilities, Weirdness & Mutations

Your touch may inflict minor irresistible damage on your foes.


Message History

The goblin closely misses you. The iguana barely misses you.
You shoot an arrow. The arrow barely misses the iguana.
The goblin hits you with a +0 club.
You shoot an arrow. The arrow hits the iguana.
The iguana is severely wounded.
The goblin hits you with a +0 club. The iguana closely misses you.
The goblin hits you with a +0 club.
You are too injured to fight recklessly!
You are too injured to fight recklessly!
You are too injured to fight recklessly!
You are too injured to fight recklessly!
Shoot: a) +0 shortbow
Press: ? - help, Q - select action, (/) - cycle Shift-Dir - straight line, f/p - iguana
Aim: an iguana (severely wounded, slow, 61% to hit)
You shoot an arrow. The arrow closely misses the iguana.
The iguana bites you. The goblin misses you.
Unknown command.
Shoot: a) +0 shortbow
Press: ? - help, Q - select action, (/) - cycle Shift-Dir - straight line, f/p - iguana
Aim: an iguana (severely wounded, slow, 61% to hit)
You shoot an arrow.
The arrow hits the iguana but does no damage.
The iguana is severely wounded.
The iguana closely misses you. The goblin hits you with a +0 club.
Shoot: a) +0 shortbow
Press: ? - help, Q - select action, (/) - cycle Shift-Dir - straight line, f/p - iguana
Aim: an iguana (severely wounded, slow, 61% to hit)
You shoot an arrow.
The arrow hits the iguana but does no damage.
The iguana is severely wounded.
The iguana is no longer moving slowly.
The goblin hits you but does no damage. The iguana bites you.
* * * LOW HITPOINT WARNING * * *
The goblin closely misses you.
Shoot: a) +0 shortbow
Press: ? - help, Q - select action, (/) - cycle Shift-Dir - straight line, f/p - iguana
Aim: an iguana (severely wounded, 61% to hit)
You shoot an arrow. The arrow barely misses the iguana.
The iguana bites you.
You die...

###...
#....
#...#
#...####
#......##
##.....!.#
#.........
#.@.......
#.gl......
#....<....
#.........
#)........
#.........
#.........
#.........


You could see an iguana and a goblin.

Vanquished Creatures
  2 dart slugs (D:1)
  A bat (D:1)
  2 endoplasms (D:1)
  3 goblins (D:1)
  2 hobgoblins (D:1)
  2 jackals (D:1)
  A quokka (D:1)
  3 ball pythons (D:1)
  A frilled lizard (D:1)
  2 rats (D:1)
19 creatures vanquished.

Notes
Turn   | Place    | Note
-------+----------+-------------------------------------------
     0 | D:1      | siradein the Demonspawn Arcane Marksman began the quest for
                  | the Orb.
     0 | D:1      | Reached XP level 1. HP: 15/15 MP: 2/2
    10 | D:1      | Noticed an ogre
   147 | D:1      | Found Yschoshre's Distillery.
   209 | D:1      | Gained mutation: Your touch may inflict minor irresistible
                  | damage on your foes. [demonic ancestry]
   209 | D:1      | Reached XP level 2. HP: 11/21 MP: 1/3
  1150 | D:2      | Slain by an iguana

Illustrated notes

Levels and vault maps discovered:
D:1:      evilmike_arrival_come_back, layout_loops_ring, serial_shops, shop,
          chequers_garden
D:2:      layout_rooms, dreamdust_ecumenical_altar_grove, basic_altar,
          minmay_tripent

Skill      XL: |  1 |
---------------+----+-----
Bows           | 2 |  2.5
Fighting       | |  1.0
Dodging        | |  1.7
Spellcasting   | |  1.0
Hexes          | |  3.6

Action                   || total
-------------------------++-------
 Fire: Shortbow          ||    75
 Cast: Slow              ||     8
Armor: Robe              ||    16
Dodge: Dodged            ||    41

Table legend: (Time is in decaauts)
 A = Elapsed time spent in this place.
 B = Non-inter-level travel time spent in this place.
 C = Inter-level travel time spent in this place.
 D = Time resting spent in this place.
 E = Time spent auto-exploring this place.
 F = Levels seen in this place.
 G = Mean time per level.
                   A        B        C        D        E       F      G
               +--------+--------+--------+--------+--------+-----+--------+
         Total |   1178 |   1135 |     43 |      0 |    986 |   2 |  589.0 |
       Dungeon |   1178 |   1135 |     43 |      0 |    986 |   2 |  589.0 |
               +--------+--------+--------+--------+--------+-----+--------+

Top non-repeatable levels by time:
     D:1: 1161 daAuts
     D:2: 16 daAuts
